Map: Terrasses de Prion

Players

pupu - Winner!

  • Race: Protoss Protoss
  • League: Silver

Acero

  • Race: Zerg Zerg
  • League: Bronze

VOD

Have the link to the VOD?

Description

Time

  • Played on: April 8, 2016, 10:53 a.m.
  • Length: 8:29
Show
View Real Time Build Order
Export as new Build Order

pupu Protoss - Winner!

Build Orders: 1 Gate Expand 

Get SALT Encoding   

  12  0:01  Probe (Chrono Boost)  
  13  0:12  Probe (Chrono Boost)  
  14  0:19  Pylon  
  14  0:22  Probe (Chrono Boost)  
  15  0:37  Probe (Chrono Boost)  
  15  0:39  Gateway  
  16  0:48  Probe (Chrono Boost)  
  17  0:52  Assimilator  
  17  0:58  Probe (Chrono Boost)  
  18  1:21  Nexus  
  18  1:25  Probe (Chrono Boost)  
  19  1:35  Probe (Chrono Boost)  
  20  1:43  Cybernetics Core  
  20  1:46  Probe (Chrono Boost)  
  21  1:49  Zealot (Chrono Boost)  
  23  2:01  Assimilator  
  23  2:13  Probe  
  23  2:20  Warp Gate (Chrono Boost)  
  23  2:25  Adept (Chrono Boost)  
  23  2:32  Probe x2  
  25  2:43  Probe  
  25  2:45  Pylon  
  26  2:52  Adept (Chrono Boost)  
  26  2:54  Probe  
  30  3:02  Mothership Core  
  31  3:05  Probe, Pylon  
  32  3:16  Gateway  
  32  3:17  Probe  
  32  3:18  Gateway  
  33  3:20  Gateway  
  33  3:23  Probe, Sentry (Chrono Boost)  
  36  3:29  Probe  
  37  3:35  Probe  
  36  3:46  Probe  
  36  3:47  Probe  
  38  4:14  Pylon  
  38  4:16  Pylon  
  38  4:19  Probe x2, Pylon  
  38  4:21  Pylon  
  38  4:22  Zealot  
  42  4:31  Probe x2  
  44  4:42  Adept x4  
  52  4:46  Probe x2  
  54  4:58  Probe, Assimilator  
  56  5:00  Probe, Assimilator  
  56  5:02  Pylon  
  56  5:06  Twilight Council, Pylon  
  56  5:07  Robotics Facility  
  56  5:09  Gateway  
  56  5:10  Probe, Pylon  
  56  5:12  Pylon  
  57  5:17  Pylon  
  57  5:19  Probe  
  58  5:22  Probe, Adept  
  58  5:23  Forge  
  58  5:25  Adept  
  58  5:27  Sentry  
  58  5:28  Sentry  
  67  5:40  Probe x2  
  69  5:57  Pylon  
  69  6:00  Pylon  
  57  6:23  Adept  
  57  6:24  Adept x3  
  64  6:26  Resonating Glaives (Chrono Boost)  
  62  6:36  Warp Prism  
  64  6:41  Protoss Ground Weapons Level 1 (Chrono Boost)  
  64  6:44  Probe x2  
  66  7:00  Nexus  
  66  7:02  Pylon  
  66  7:05  Pylon  
  66  7:07  Gateway  
  66  7:09  Gateway  
  66  7:11  Gateway  
  66  7:13  Assimilator  
  66  7:15  Adept x5  
  60  7:21  Pylon  
  62  7:23  Pylon  
  62  7:26  Probe x2  
  64  7:37  Gateway  
  64  7:38  Probe x2  
  64  7:39  Immortal  
  64  7:41  Pylon  
  70  7:44  Pylon  
  70  7:46  Pylon  
  70  7:48  Adept x2  
  70  7:49  Adept x2  
  78  8:17  Adept  
  78  8:18  Adept x5  
  78  8:19  Adept  
Show
View Real Time Build Order
Export as new Build Order

Acero Zerg 

Build Orders: Pool First 

Get SALT Encoding   

  12  0:02  Drone  
  13  0:11  Drone  
  14  0:30  Spawning Pool  
  14  0:31  Drone  
  14  0:40  Overlord  
  14  0:52  Overlord  
  14  1:00  Drone x2  
  16  1:17  Zergling x4  
  18  1:19  Queen  
  20  1:35  Zergling x2  
  21  1:42  Zergling x2  
  22  1:51  Extractor  
  22  1:52  Zergling x2  
  22  2:02  Zergling x2  
  23  2:10  Zergling x2  
  22  2:30  Zergling x8  
  22  2:36  Zergling x2  
  27  2:48  Drone  
  28  2:55  Hatchery  
  27  3:04  Drone x2  
  29  3:06  Drone  
  29  3:11  Overlord  
  30  3:17  Metabolic Boost  
  20  4:12  Baneling Nest  
  20  4:14  Zergling x10  
  20  4:15  Zergling x2  
  25  4:19  Lair  
  25  4:22  Drone  
  25  4:23  Drone  
  27  4:26  Overlord  
  27  4:38  Overlord  
  27  4:48  Zergling x2  
  28  5:01  Baneling x3  
  28  5:02  Baneling x4  
  28  5:06  Zergling x8  
  32  5:29  Zergling x4  
  32  5:30  Zergling x4  
  36  5:39  Evolution Chamber  
  36  5:41  Drone  
  36  5:42  Drone x2  
  38  5:46  Zergling x2  
  32  6:32  Baneling x4  
  31  6:33  Baneling x6  
  31  6:38  Zergling x8  
  35  6:45  Queen  
  35  6:46  Drone  
  35  6:47  Drone x2  
  40  6:50  Overlord  
  34  7:16  Zergling x4  
  34  7:17  Zergling x6  
  34  7:28  Spore Crawler  
  33  7:30  Drone  
  33  7:35  Hydralisk Den  
  27  8:10  Drone x7  
Tags
 
Add a new tag
Caveats
  • Supply blocks, unpowered buildings, or Contaminate may cause inaccurate times.
  • Supply counts are checked every 10 seconds.